 Dungeon Crawl Stone Soup version bcrawl-1.40.3b (webtiles) character file.

Game seed: 16457791543278801475

187852 Nixze the Gusty (level 9, -7/65 HPs)
             Began as a Human Air Elementalist on Feb 13, 2024.
             Was an Initiate of Sif Muna.
             Mangled by a centaur warrior (8 damage)
             ... on level 8 of the Dungeon.
             The game lasted 00:57:00 (9668 turns).

Nixze the Gusty (Human Air Elementalist)            Turns: 9668, Time: 00:57:00

Health: -7/65      AC:  2    Str:  9    XL:     9   Next: 82%
Magic:  8/15       EV: 13    Int: 19    God:    Sif Muna [......]
Gold:   190        SH:  0    Dex: 13    Spells: 1/16 levels left

rFire    . . .     GDR:     27% z - +2 dagger (elec)
rCold    . . .     SeeInvis .   (no shield)
rNeg     . . .     Gourm    .   D - +0 robe {RegenMP}
rPois    .         Faith    .   (no helmet)
rElec    .         Spirit   .   (no cloak)
rCorr    +         Reflect  .   (no gloves)
MR       .....                  (no boots)
Stlth    +.........             (no amulet)
HPRegen  0.20/turn              l - ring of resist corrosion
MPRegen  0.28/turn              (no ring)

@: confused, swift, very slightly contaminated, very quick
A: no striking features
a: Divine Energy, Renounce Religion


You were on level 8 of the Dungeon.
You worshipped Sif Muna.
Sif Muna was noncommittal.
You were not hungry.

You visited 2 branches of the dungeon, and saw 9 of its levels.

You collected 628 gold pieces.
You spent 438 gold pieces at shops.

Inventory:

Hand Weapons
 b - a +0 hunting sling
 t - a +0 dagger of venom
 z - a +2 dagger of electrocution (weapon)
 L - a +0 spear of flaming
Missiles
 h - 1444 stones
 p - 1031 arrows
 q - 817 sling bullets
 x - 181 javelins
 y - 73 poisoned tomahawks (quivered)
Armour
 D - a +0 robe of magic recovery (worn)
 E - +0 fire dragon scales
Magical Staves
 a - an uncursed staff of fire
Jewellery
 l - a ring of resist corrosion (left hand)
Wands
 j - a wand of polymorph (14)
 H - a wand of paralysis (8)
 J - a wand of disintegration (7)
 K - a wand of clouds (4)
Scrolls
 g - 4 scrolls of teleportation
 i - 2 scrolls of identify
 m - a scroll of blinking
 n - 2 scrolls of noise
 o - a scroll of enchant weapon
 r - 2 scrolls of fear
 u - 2 scrolls of revelation
 v - 3 scrolls of amnesia
 w - 4 scrolls of remove curse
 C - a scroll of fog
 F - a scroll of torment
 G - 2 scrolls of enchant armour
Potions
 c - a potion of flight
 d - 2 potions of resistance
 f - a potion of cancellation {unknown}
 k - a potion of agility
 s - 3 potions of magic
 A - a potion of brilliance
 B - a potion of invisibility {unknown}
Comestibles
 e - 21 rations {!d}


   Skills:
 - Level 4.0 Fighting
 - Level 2.0 Armour
 - Level 4.0 Dodging
 - Level 4.0 Stealth
 + Level 4.0 Spellcasting
 - Level 5.0 Conjurations
 + Level 4.0 Hexes
 - Level 2.0 Charms
 - Level 6.0 Air Magic
 - Level 2.0 Poison Magic
 - Level 6.0 Invocations
 - Level 4.0 Evocations


You had one spell level left.
You knew the following spells:

 Your Spells              Type           Power        Failure   Level  Hunger
a - Static Discharge      Air            ####..       1%          1    None
b - Shock                 Conj/Air       ###....      2%          2    None
c - Mephitic Cloud        Conj/Pois/Air  ###.....     7%          3    ###....
d - Swiftness             Chrm/Air       ###.....     4%          2    None
e - Lightning Bolt        Conj/Air       ###.....     14%         4    #####..
f - Tukima's Dance        Hex            ###.....     8%          3    ###....

Your spell library contained the following spells:

 Spells                   Type           Power        Failure   Level  Hunger
 Slow                     Hex            ###.....     2%          1    None
 Dazzling Orbs            Conj/Hex       ###....      6%          3    ###....
 Confuse                  Hex            ###.....     8%          3    ###....
 Ensorcelled Hibernation  Hex/Ice        ##....       9%          2    None
 Cause Fear               Hex            ###.......   26%         4    #####..


Dungeon Overview and Level Annotations

Branches:
Dungeon (8/12)             Temple (1/1) D:7
   Lair: D:7-9          Orc: D:8-11

Altars:
Ashenzari
Cheibriados
Dithmenos
Elyvilon
Fedhas
Gozag
Hepliaklqana
Kikubaaqudgha
Lugonu
Makhleb
Nemelex Xobeh
Okawaru
Qazlal
Ru
Sif Muna
Trog
Uskayaw
Vehumet
Wu Jian
Xom
Yredelemnul
Zin
The Shining One

Shops:
D:5 ?

Annotations:
D:2 1 runed door


Message History

Aiming: Mephitic Cloud (safe; 7% risk of failure)
Press: ? - help, Shift-Dir - straight line, f - centaur warrior
Aim: a centaur warrior, wielding a +4 shortbow and quivering 153 arrows (chance to affect: 53%) That beam is likely to hit you.
Continue anyway?
The ball explodes into a vile cloud!
The stinking cloud engulfs the centaur warrior but does no damage.
The stinking cloud engulfs you but does no damage.
You are engulfed in noxious fumes.
You choke on the stench!
You are confused.
You hear two shouts!
The centaur warrior is engulfed in noxious fumes.
The centaur warrior unwields a +4 shortbow.
The centaur warrior hits you!
* * * LOW HITPOINT WARNING * * *
You are engulfed in noxious fumes.
You choke on the stench!
You are more confused.
* * * LOW HITPOINT WARNING * * *
The centaur warrior is engulfed in noxious fumes.
The centaur warrior hits you!
You die...

#.....
.......
#......
.....^.
#......
.......
.....[
....... ...#
.......
#.#+##.......
#...Z§.......
#......)#####
#@☼☼....#
##c.....#
c..☼....#
##########


You could see a centaur warrior and a howler monkey skeleton.

Vanquished Creatures
  Joseph (D:7)
  A spriggan (D:7)
  A yak (D:7)
  A hungry ghost (D:6)
  An ice beast (D:6)
  2 ogres (D:4)
  2 bullfrogs
  Blork the orc (D:5)
  A centaur (D:5)
  A scorpion (D:6)
  5 crimson imps
  3 orc priests
  A bullfrog zombie (D:4)
  3 howler monkeys
  A jelly (D:7)
  A bullfrog skeleton (D:4)
  2 hounds
  8 orc wizards
  Ijyb (D:4)
  An iguana (D:5)
  3 worker ants
  3 gnolls (D:6)
  7 adders
  A shadow imp (D:7)
  4 oozes
  2 adder skeletons
  2 worms
  2 dart slugs
  2 leopard geckos
  31 orcs
  A ball python (D:3)
  6 giant cockroaches
  6 goblins
  8 hobgoblins
  7 jackals (D:2)
  5 kobolds (D:1)
  2 quokkas
  5 bats
  6 frilled lizards
  A quokka skeleton (D:4)
  A quokka zombie (D:5)
  9 rats
  A butterfly (D:7)
153 creatures vanquished.

Vanquished Creatures (collateral kills)
  An orc (D:7)
1 creature vanquished.

Vanquished Creatures (others)
  2 dancing weapons (D:7)
2 creatures vanquished.

Grand Total: 156 creatures vanquished

Notes
Turn   | Place    | Note
-------+----------+-------------------------------------------
     0 | D:1      | Nixze the Human Air Elementalist began the quest for the
                  | Orb.
     0 | D:1      | Reached XP level 1. HP: 13/13 MP: 3/3
   135 | D:1      | Reached skill level 1 in Fighting
   230 | D:1      | Reached XP level 2. HP: 17/21 MP: 1/5
   419 | D:1      | Learned a level 2 spell: Shock
   821 | D:1      | Reached XP level 3. HP: 27/27 MP: 3/6
  1511 | D:2      | Reached XP level 4. HP: 33/33 MP: 4/7
  1713 | D:2      | Found a runed door.
  2195 | D:3      | Reached skill level 5 in Air Magic
  2287 | D:3      | Reached XP level 5. HP: 38/38 MP: 1/8
  2472 | D:3      | Learned a level 3 spell: Mephitic Cloud
  2475 | D:3      | Learned a level 2 spell: Swiftness
  2911 | D:3      | Reached XP level 6. HP: 6/44 MP: 2/9
  3614 | D:4      | Reached XP level 7. HP: 38/50 MP: 7/11
  3721 | D:3      | Reached skill level 1 in Armour
  3868 | D:4      | Noticed Grinder
  4176 | D:4      | Noticed Ijyb
  4218 | D:4      | Killed Ijyb
  4523 | D:4      | Reached XP level 8. HP: 30/58 MP: 10/13
  4807 | D:4      | Found a basalt altar of Yredelemnul.
  4811 | D:4      | Noticed Grinder
  4811 | D:4      | Grinder changed into Grinder the crimson imp
  4815 | D:4      | Killed Grinder the crimson imp
  4816 | D:4      | Reached skill level 1 in Evocations
  4823 | D:4      | Noticed a profane servitor
  4833 | D:4      | Found a glowing golden altar of the Shining One.
  4844 | D:4      | Noticed an angel
  5153 | D:5      | Entered Level 5 of the Dungeon
  5514 | D:5      | Learned a level 4 spell: Lightning Bolt
  5634 | D:5      | Noticed Blork the orc
  5643 | D:5      | Killed Blork the orc
  5658 | D:5      | Found an iron altar of Okawaru.
  5690 | D:5      | Learned a level 3 spell: Tukima's Dance
  5752 | D:5      | Found a shimmering altar of Xom.
  5818 | D:5      | Found Kuurov's Magic Scroll Shoppe.
  5868 | D:5      | Bought a scroll of remove curse for 36 gold pieces
  5868 | D:5      | Bought a scroll of noise for 12 gold pieces
  5868 | D:5      | Bought a scroll of identify for 24 gold pieces
  5868 | D:5      | Bought a scroll of blinking for 90 gold pieces
  5868 | D:5      | Bought a scroll of torment for 90 gold pieces
  5868 | D:5      | Bought a scroll of remove curse for 36 gold pieces
  5868 | D:5      | Bought a scroll of enchant armour for 90 gold pieces
  5868 | D:5      | Bought a scroll of fear for 60 gold pieces
  5915 | D:5      | Reached skill level 5 in Conjurations
  6934 | D:6      | Reached XP level 9. HP: 59/65 MP: 12/15
  7428 | D:7      | Found an ornate altar of the Wu Jian Council.
  7498 | D:7      | Found a staircase to the Ecumenical Temple.
  7503 | Temple   | Entered the Ecumenical Temple
  7801 | Temple   | Became a worshipper of Sif Muna the Loreminder
  7989 | D:7      | Reached skill level 1 in Invocations
  8227 | D:7      | Noticed Joseph
  8542 | D:7      | Found a corrupted altar of Lugonu.
  8545 | D:7      | Found a shimmering altar of Xom.
  8548 | D:7      | Found a white marble altar of Elyvilon.
  9159 | D:7      | Killed Joseph
  9664 | D:8      | Noticed a centaur warrior
  9667 | D:8      | HP: 2/65 [centaur warrior (11)]
  9668 | D:8      | Mangled by a centaur warrior

Skill      XL: |  1  2  3  4  5  6  7  8  9 |
---------------+----------------------------+-----
Fighting       | 1 2 3 4 |  4.0
Air Magic      | 4 5 6 |  6.0
Dodging        | 3 4 |  4.0
Conjurations   | 3 4 5 |  5.0
Charms         | 2 |  2.0
Spellcasting   | 3 4 |  4.0
Stealth        | 3 4 |  4.0
Poison Magic   | 2 |  2.0
Armour         | 2 |  2.0
Evocations     | 2 4 |  4.0
Hexes          | 4 |  4.0
Invocations    | 6 |  6.0

Action                   |  1- 3 |  4- 6 |  7- 9 || total
-------------------------+-------+-------+-------++-------
Melee: Dagger            |    24 |    16 |    39 ||    79
       Unarmed           |     1 |       |    10 ||    11
       Staff             |       |       |     9 ||     9
 Fire: Hunting sling     |       |    34 |    58 ||    92
Throw: Stone             |    34 |    28 |     9 ||    71
       Tomahawk          |       |     8 |    27 ||    35
       Javelin           |       |     3 |       ||     3
 Cast: Static Discharge  |    27 |    59 |    93 ||   179
       Shock             |    20 |    17 |    64 ||   101
       Mephitic Cloud    |       |     1 |    15 ||    16
       Swiftness         |       |       |    12 ||    12
       Tukima's Dance    |       |       |    11 ||    11
       Lightning Bolt    |       |       |     2 ||     2
Evoke: Wand              |       |       |     2 ||     2
  Use: Potion            |       |     2 |     1 ||     3
       Scroll            |       |       |    15 ||    15
 Stab: Sleeping          |     1 |       |       ||     1
  Eat: Chunk             |     5 |    12 |    28 ||    45
       Ration            |       |       |     2 ||     2
Armor: Robe              |     8 |    11 |    14 ||    33
       Leather armour    |       |       |    11 ||    11
       Skin              |       |       |     1 ||     1
Dodge: Dodged            |    23 |    25 |   109 ||   157
